Map: Submarine LE

Players

Massa - Winner!

  • Race: Terran Terran
  • League: Platinum
  • Spawn Location: 11:00

Jarkoof

  • Race: Protoss Protoss
  • League: Diamond
  • Spawn Location: 5:00

VOD

Have the link to the VOD?

Description

Time

  • Played on: Jan. 16, 2021, 3:54 p.m.
  • Length: 18:01
Show
View Real Time Build Order
Export as new Build Order

Massa Terran - Winner!

Build Orders:  

Get SALT Encoding   

  12  0:00  SCV  
  13  0:12  SCV  
  14  0:18  Supply Depot  
  14  0:24  SCV  
  15  0:39  SCV  
  15  0:41  Barracks  
  16  0:45  Refinery  
  16  0:51  SCV  
  17  1:04  SCV  
  18  1:16  SCV  
  19  1:28  SCV  
  19  1:31  Marine  
  21  1:50  Factory  
  21  1:52  Refinery  
  20  2:05  Orbital Command  
  20  2:10  Command Center  
  20  2:14  Marine  
  20  2:32  Marine  
  20  2:35  Factory Tech Lab  
  21  2:50  Supply Depot  
  21  2:52  Supply Depot  
  21  3:12  SCV  
  22  3:14  Siege Tank  
  22  3:18  Barracks Reactor  
  25  3:24  SCV, Supply Depot  
  26  3:36  Engineering Bay  
  26  3:39  Starport  
  26  3:46  Widow Mine  
  28  3:59  SCV  
  28  4:00  SCV  
  30  4:08  Marine x2  
  32  4:18  Planetary Fortress  
  32  4:20  SCV  
  32  4:22  Widow Mine  
  35  4:26  Starport Tech Lab, Marine x2  
  37  4:44  Marine  
  38  4:45  Missile Turret  
  38  4:50  SCV, Missile Turret  
  39  5:01  Banshee  
  39  5:03  SCV  
  39  5:04  Cyclone  
  39  5:06  Terran Infantry Weapons Level 1  
  46  5:15  SCV, Cloaking Field  
  46  5:16  Marine x2  
  46  5:20  SCV  
  50  5:24  Missile Turret  
  50  5:27  SCV  
  51  5:32  SCV  
  51  5:34  Marine x2  
  54  5:38  Barracks  
  54  5:43  SCV  
  54  5:56  Supply Depot x2  
  54  6:17  SCV x2, Marine x2  
  54  6:18  Widow Mine  
  60  6:21  Medivac  
  62  6:29  SCV  
  63  6:35  Marine  
  64  6:43  Command Center  
  64  6:51  Raven  
  63  7:12  Marine x2  
  63  7:15  Barracks Tech Lab  
  65  7:16  Siege Tank  
  65  7:20  SCV  
  65  7:21  SCV  
  70  7:34  Barracks x2  
  70  7:39  Supply Depot x2  
  70  7:43  Stimpack  
  70  7:44  SCV  
  70  7:46  SCV  
  70  7:47  Marine  
  70  7:54  Marauder, Marine  
  73  7:59  SCV  
  73  8:03  Supply Depot  
  73  8:05  Marine  
  75  8:10  Orbital Command  
  75  8:12  SCV x2  
  77  8:16  Marauder  
  79  8:24  SCV x2  
  79  8:26  Raven, Supply Depot  
  83  8:29  Barracks Reactor, Barracks Tech Lab, Marine x2  
  85  8:37  Marauder  
  87  8:43  Siege Tank  
  87  8:44  Terran Infantry Armor Level 1  
  87  8:47  Marine x2  
  92  8:49  Refinery  
  92  8:50  Refinery, SCV x3  
  95  8:59  Marauder  
  95  9:02  SCV  
  98  9:03  SCV x2  
  100  9:14  SCV  
  100  9:15  SCV  
  94  9:40  Viking  
  94  9:42  SCV x3  
  97  9:50  Sensor Tower  
  97  9:54  SCV, Missile Turret  
  97  9:55  SCV x2  
  97  9:58  Refinery  
  97  9:59  Refinery, Marauder x2, Marine x3  
  106  10:00  Marine  
  106  10:01  Combat Shield  
  106  10:02  Concussive Shells  
  106  10:06  SCV  
  109  10:09  Armory  
  109  10:10  Viking  
  109  10:12  Engineering Bay  
  111  10:20  Marauder x2  
  115  10:27  Marine x2  
  117  10:29  Command Center  
  117  10:39  Marine x2  
  117  10:42  Marauder x2  
  113  10:44  Marine  
  113  10:45  Marine  
  105  10:57  Marine x2  
  105  11:03  Marauder  
  96  11:13  Marauder, Marine x2  
  96  11:14  Raven  
  96  11:15  Marine x2  
  104  11:24  Marauder  
  106  11:34  Marauder  
  95  11:46  Marauder  
  94  11:52  SCV  
  94  11:53  SCV x2  
  93  11:54  Marine  
  93  11:55  Starport, Marauder, Marine x3  
  93  11:57  Starport, Raven  
  93  11:59  Corvid Reactor, Ghost Academy  
  93  12:01  Terran Infantry Armor Level 2, Terran Infantry Weapons Level 2, Siege Tank  
  104  12:04  SCV  
  104  12:05  SCV x2  
  104  12:07  Marauder  
  109  12:12  Marine  
  109  12:13  Marine x3  
  113  12:16  SCV, Planetary Fortress  
  113  12:17  SCV, Marauder  
  113  12:18  Sensor Tower  
  113  12:20  Missile Turret  
  113  12:21  Missile Turret  
  113  12:22  SCV  
  118  12:28  SCV  
  118  12:29  SCV, Marauder  
  122  12:30  Marine x4  
  122  12:33  Enhanced Shockwaves, Siege Tank  
  122  12:34  SCV  
  130  12:38  Marauder  
  130  12:40  Starport Tech Lab, Starport Reactor  
  132  12:49  Supply Depot x2  
  132  13:01  Barracks  
  132  13:02  Barracks  
  132  13:07  Hyperflight Rotors  
  132  13:10  SCV, Viking x2, Siege Tank  
  132  13:11  Marauder  
  142  13:13  Supply Depot  
  142  13:14  SCV x2, Supply Depot  
  142  13:15  SCV  
  145  13:26  Command Center  
  145  13:27  SCV  
  145  13:28  SCV x2  
  148  13:35  SCV  
  148  13:37  Supply Depot x2, Terran Vehicle Weapons Level 1  
  148  13:39  Supply Depot  
  148  13:40  SCV x2, Viking  
  153  13:42  Siege Tank  
  156  13:48  Refinery  
  156  13:49  Refinery  
  156  14:01  Supply Depot x2  
  156  14:02  Ghost  
  156  14:03  Ghost  
  156  14:04  Marine x4, Supply Depot  
  164  14:11  Raven  
  164  14:13  Viking  
  164  14:14  Siege Tank  
  164  14:15  Missile Turret  
  171  14:22  Marine x3  
  174  14:30  Marine  
  175  14:31  Ghost  
  175  14:32  Marauder  
  175  14:36  Missile Turret  
  179  14:39  Marine  
  179  14:40  Marine x2  
  182  14:47  Siege Tank  
  182  14:51  Planetary Fortress  
  185  14:53  Marauder  
  185  14:55  Sensor Tower  
  185  14:57  Barracks Reactor, Barracks Tech Lab  
  187  15:00  Marauder  
  189  15:07  Personal Cloaking  
  189  15:10  Terran Infantry Weapons Level 3, Terran Infantry Armor Level 3  
  189  15:15  Marauder  
  189  15:19  Raven, Siege Tank  
  189  15:21  Marauder, Marine x2  
  200  15:31  Terran Vehicle And Ship Armor Level 1  
  180  15:36  Marauder  
  175  15:55  Medivac x3  
  181  16:02  Medivac  
  183  16:18  Command Center  
  183  16:25  Medivac x2  
  168  17:06  Marauder x3, Marine x4  
  174  18:00  Command Center  
Show
View Real Time Build Order
Export as new Build Order

Jarkoof Protoss 

Build Orders: Cannon Rush 

Get SALT Encoding   

  12  0:00  Probe (Chrono Boost)  
  13  0:11  Probe (Chrono Boost)  
  14  0:17  Pylon  
  14  0:21  Probe  
  15  0:35  Probe  
  16  0:43  Forge  
  16  0:47  Pylon  
  16  0:49  Probe  
  17  1:01  Probe  
  18  1:13  Probe (Chrono Boost)  
  19  1:18  Photon Cannon  
  19  1:25  Probe (Chrono Boost)  
  20  1:37  Photon Cannon  
  20  1:39  Pylon  
  20  1:41  Probe  
  21  1:57  Photon Cannon  
  21  1:59  Gateway  
  21  2:05  Probe  
  22  2:23  Probe (Chrono Boost)  
  22  2:25  Nexus  
  23  2:31  Assimilator  
  23  2:34  Assimilator  
  23  2:35  Probe (Chrono Boost)  
  24  2:47  Cybernetics Core  
  24  2:53  Photon Cannon  
  24  3:00  Probe (Chrono Boost)  
  25  3:05  Pylon  
  26  3:13  Probe (Chrono Boost)  
  26  3:18  Pylon  
  26  3:21  Probe (Chrono Boost)  
  27  3:27  Probe  
  27  3:30  Gateway  
  28  3:34  Stalker  
  28  3:39  Probe (Chrono Boost)  
  31  3:42  Assimilator  
  31  3:45  Probe (Chrono Boost)  
  32  3:51  Probe (Chrono Boost)  
  33  3:56  Photon Cannon  
  33  3:59  Probe (Chrono Boost)  
  34  4:04  Probe, Stargate  
  35  4:11  Probe  
  36  4:17  Stalker  
  36  4:20  Stalker  
  40  4:28  Probe  
  40  4:29  Pylon  
  41  4:34  Shield Battery  
  41  4:37  Pylon  
  41  4:41  Probe  
  41  4:42  Probe  
  41  4:45  Oracle (Chrono Boost)  
  43  4:52  Adept  
  48  4:57  Probe  
  49  5:04  Photon Cannon  
  49  5:06  Stalker  
  52  5:14  Robotics Facility  
  52  5:15  Probe (Chrono Boost)  
  52  5:23  Probe (Chrono Boost), Gateway  
  54  5:30  Assimilator  
  54  5:32  Probe (Chrono Boost)  
  54  5:35  Probe (Chrono Boost), Oracle  
  57  5:41  Pylon  
  58  5:48  Stalker  
  58  5:49  Stalker  
  62  6:06  Probe (Chrono Boost)  
  62  6:09  Photon Cannon  
  64  6:12  Probe (Chrono Boost)  
  64  6:18  Adept  
  66  6:20  Probe (Chrono Boost)  
  66  6:24  Observer  
  66  6:25  Photon Cannon  
  68  6:26  Adept  
  68  6:27  Adept  
  72  6:33  Probe (Chrono Boost)  
  72  6:34  Robotics Bay  
  72  6:37  Shield Battery  
  72  6:39  Probe (Chrono Boost)  
  74  6:40  Pylon  
  74  6:43  Photon Cannon  
  74  6:48  Adept  
  74  6:51  Probe  
  77  6:56  Adept  
  76  7:10  Probe (Chrono Boost)  
  76  7:13  Probe (Chrono Boost)  
  78  7:20  Colossus  
  78  7:22  Probe (Chrono Boost), Gravitic Boosters (Chrono Boost)  
  86  7:26  Probe (Chrono Boost)  
  86  7:47  Probe, Stalker  
  86  7:51  Protoss Shields Level 1  
  86  7:59  Pylon  
  86  8:03  Probe  
  86  8:07  Adept (Chrono Boost)  
  86  8:15  Pylon  
  86  8:17  Probe, Nexus, Stalker (Chrono Boost)  
  89  8:24  Gateway  
  89  8:25  Gateway  
  89  8:29  Probe, Twilight Council, Gravitic Drive  
  89  8:32  Colossus  
  96  8:34  Pylon  
  96  8:40  Zealot (Chrono Boost)  
  96  8:41  Zealot  
  100  8:52  Photon Cannon  
  100  8:55  Shield Battery  
  100  8:58  Stalker  
  102  9:05  Phoenix (Chrono Boost)  
  102  9:06  Resonating Glaives (Chrono Boost)  
  104  9:11  Stalker  
  104  9:16  Stalker  
  104  9:17  Stalker  
  108  9:22  Stalker  
  107  9:47  Pylon  
  107  9:50  Probe (Chrono Boost)  
  107  9:51  Pylon  
  109  9:54  Assimilator  
  109  9:56  Probe (Chrono Boost)  
  109  9:58  Extended Thermal Lance  
  109  9:59  Probe (Chrono Boost), Assimilator  
  110  10:01  Colossus (Chrono Boost)  
  110  10:03  Probe (Chrono Boost)  
  117  10:08  Probe  
  117  10:09  Probe  
  119  10:14  Probe  
  119  10:19  Photon Cannon  
  120  10:24  Zealot  
  113  10:47  Zealot x2  
  113  10:48  Zealot  
  107  10:50  Stalker  
  107  10:51  Stalker  
  87  11:12  Photon Cannon  
  87  11:13  Photon Cannon  
  87  11:14  Zealot  
  89  11:22  Stalker x2  
  89  11:24  Stalker  
  89  11:25  Stalker  
  84  11:45  Stalker  
  84  11:46  Colossus  
  82  11:53  Stalker (Chrono Boost)  
  83  11:59  Zealot x3 (Chrono Boost)  
  83  12:00  Charge (Chrono Boost)  
  95  12:07  Protoss Ground Armor Level 1 (Chrono Boost)  
  96  12:10  Probe (Chrono Boost)  
  98  12:15  Probe (Chrono Boost)  
  98  12:19  Probe (Chrono Boost)  
  100  12:24  Zealot (Chrono Boost)  
  100  12:27  Robotics Facility  
  102  12:31  Zealot x2 (Chrono Boost)  
  102  12:36  Zealot  
  106  12:47  Photon Cannon  
  106  12:50  Pylon  
  106  12:54  Observer  
  109  12:58  Zealot x3  
  109  12:59  Zealot  
  115  13:14  Stargate  
  115  13:16  Immortal (Chrono Boost)  
  121  13:23  Probe x2 (Chrono Boost), Sentry  
  121  13:25  Sentry  
  125  13:28  Sentry  
  125  13:29  Sentry x2  
  131  13:46  Templar Archives, Probe  
  131  13:47  Probe  
  133  13:49  Sentry  
  133  13:52  Observer (Chrono Boost)  
  136  14:00  Pylon  
  136  14:01  Zealot x2  
  136  14:02  Pylon  
  140  14:04  Pylon  
  140  14:09  Protoss Ground Weapons Level 1  
  140  14:12  Photon Cannon  
  140  14:14  Shield Battery  
  140  14:18  Zealot x2  
  140  14:23  Pylon  
  144  14:32  Colossus  
  150  14:41  Zealot x2  
  154  14:59  Nexus  
  154  15:02  Pylon  
  154  15:07  Zealot x2  
  158  15:13  Sentry x2  
  158  15:14  High Templar  
  164  15:34  High Templar, Zealot  
  124  15:39  Zealot  
  88  15:44  Zealot  
  78  15:53  Pylon, Zealot  
  78  15:55  Photon Cannon  
  80  15:57  Photon Cannon  
  80  16:01  Zealot  
  82  16:06  Zealot  
  82  16:07  Photon Cannon  
  82  16:08  Shield Battery  
  82  16:11  Zealot  
  86  16:14  Psionic Storm  
  86  16:16  Zealot  
  88  16:21  Stalker  
  90  16:28  Photon Cannon  
  66  16:52  Zealot x2  
  55  16:56  Colossus (Chrono Boost)  
  66  17:18  Colossus (Chrono Boost)  
Tags
 
Add a new tag
Caveats
  • Supply blocks, unpowered buildings, or Contaminate may cause inaccurate times.
  • Supply counts are checked every 10 seconds.